Map: Thunderbird LE

Players

puCK (Nina)

  • Race: Protoss Protoss
  • Spawn Location: 5:00

Harstem - Winner!

  • Race: Protoss Protoss
  • Spawn Location: 11:00

VOD

Have the link to the VOD?

Description

Time

  • Played on: Sept. 6, 2019, 6 p.m.
  • Length: 8:04
Show
View Real Time Build Order
Export as new Build Order

puCK Protoss 

Build Orders: Nexus First 

Get SALT Encoding   

  12  0:00  Probe  
  13  0:12  Probe  
  14  0:20  Pylon  
  14  0:24  Probe  
  15  0:38  Probe  
  16  0:51  Probe  
  17  0:58  Nexus  
  17  1:10  Gateway  
  17  1:12  Probe  
  17  1:18  Assimilator  
  18  1:24  Probe  
  19  1:25  Assimilator  
  19  1:36  Probe  
  19  1:38  Gateway  
  20  1:48  Probe  
  21  1:59  Cybernetics Core  
  21  2:00  Probe  
  22  2:08  Pylon  
  22  2:11  Probe  
  22  2:12  Probe  
  24  2:18  Warp Gate  
  24  2:23  Probe  
  24  2:24  Probe  
  24  2:25  Stalker x2  
  31  2:41  Probe  
  32  2:46  Pylon  
  32  2:47  Probe  
  32  2:56  Stargate  
  33  3:02  Stalker  
  34  3:10  Stalker  
  34  3:12  Shield Battery  
  36  3:14  Probe  
  36  3:15  Probe  
  38  3:22  Pylon, Stalker  
  38  3:26  Probe  
  39  3:29  Probe  
  42  3:35  Void Ray  
  42  3:47  Probe  
  47  3:48  Probe  
  48  3:59  Probe  
  48  4:00  Probe  
  50  4:05  Shield Battery  
  50  4:07  Pylon  
  50  4:08  Void Ray  
  50  4:18  Gateway  
  53  4:26  Stalker  
  53  4:30  Shield Battery  
  55  4:33  Stalker  
  57  4:38  Gateway  
  57  4:44  Gateway  
  57  4:49  Void Ray  
  57  4:51  Gateway  
  61  5:02  Pylon  
  61  5:03  Probe  
  62  5:13  Pylon  
  62  5:20  Probe, Sentry  
  65  5:21  Zealot  
  65  5:23  Probe  
  65  5:26  Pylon  
  68  5:32  Probe  
  68  5:35  Probe, Stalker  
  72  5:36  Stalker  
  74  5:46  Stalker  
  74  5:47  Zealot x2  
  80  5:51  Pylon, Zealot  
  82  5:59  Adept  
  82  6:00  Adept  
  86  6:04  Pylon  
  86  6:10  Adept x3  
  88  6:23  Stalker  
  74  6:27  Probe x2  
  70  6:32  Assimilator  
  70  6:33  Zealot x2, Assimilator  
  70  6:39  Probe x2  
  68  6:47  Stalker x3  
  68  6:51  Probe  
  72  6:54  Probe  
  72  6:56  Stalker  
  72  6:58  Zealot x2  
  72  7:07  Probe  
  61  7:11  Stalker  
  57  7:16  Zealot, Stalker  
  57  7:21  Stalker  
  57  7:22  Zealot x2  
  64  7:28  Twilight Council  
  64  7:40  Stalker x2  
  64  7:43  Stalker  
  70  7:47  Stalker  
  72  7:56  Stalker x2  
Show
View Real Time Build Order
Export as new Build Order

Harstem Protoss - Winner!

Build Orders: Phoenix Opening, Zealot Archon 

Get SALT Encoding   

  12  0:00  Probe  
  13  0:13  Probe  
  14  0:17  Pylon  
  14  0:24  Probe  
  15  0:32  Probe  
  15  0:38  Gateway  
  15  0:40  Probe  
  17  0:51  Probe  
  17  0:53  Assimilator  
  18  0:57  Assimilator  
  18  1:00  Probe  
  19  1:07  Gateway  
  19  1:08  Probe  
  19  1:17  Probe  
  20  1:24  Cybernetics Core  
  21  1:29  Probe  
  22  1:40  Pylon  
  22  1:42  Probe  
  23  1:52  Pylon  
  23  1:54  Warp Gate  
  23  1:58  Probe  
  26  2:01  Sentry  
  26  2:04  Stalker  
  28  2:10  Probe  
  29  2:22  Probe  
  30  2:39  Probe  
  31  2:46  Nexus  
  31  2:51  Probe  
  31  2:56  Phoenix  
  32  2:58  Forge  
  32  3:03  Probe  
  32  3:11  Probe  
  32  3:13  Pylon  
  32  3:19  Robotics Facility  
  33  3:20  Probe  
  33  3:23  Protoss Ground Weapons Level 1  
  34  3:29  Probe  
  35  3:42  Probe  
  35  3:45  Shield Battery  
  36  3:54  Probe x2  
  37  4:02  Probe  
  38  4:06  Probe  
  38  4:07  Observer  
  38  4:09  Stalker x2  
  45  4:10  Phoenix  
  45  4:12  Probe  
  46  4:18  Probe  
  46  4:23  Assimilator  
  47  4:24  Probe  
  47  4:26  Assimilator  
  47  4:28  Pylon  
  47  4:29  Twilight Council  
  47  4:30  Probe  
  49  4:37  Probe  
  50  4:42  Probe  
  51  4:49  Blink, Probe  
  51  4:50  Nexus  
  52  4:54  Probe  
  53  5:09  Gateway  
  53  5:10  Gateway  
  53  5:13  Gateway  
  53  5:14  Shield Battery  
  53  5:15  Shield Battery, Sentry  
  53  5:16  Templar Archives, Sentry  
  53  5:18  Pylon  
  57  5:26  Gateway  
  58  5:30  Shield Battery  
  57  5:37  Photon Cannon  
  57  5:42  Photon Cannon  
  57  5:43  Stalker  
  57  5:45  Stalker  
  61  5:55  Shield Battery  
  62  6:01  Shield Battery  
  62  6:02  Pylon  
  62  6:03  High Templar x2  
  65  6:05  Stalker  
  65  6:08  Archon  
  65  6:09  Stalker  
  67  6:19  Stalker  
  67  6:21  Stalker  
  67  6:25  Probe  
  68  6:35  Stalker x3  
  66  6:49  Warp Prism  
  66  6:51  Stalker x3  
  74  7:17  Stalker x5  
  74  7:21  Pylon  
  84  7:25  Pylon  
  84  7:34  Observer  
  85  7:51  Stalker x5  
  93  7:52  Stalker  
Tags
 
Add a new tag
Caveats
  • Supply blocks, unpowered buildings, or Contaminate may cause inaccurate times.
  • Supply counts are checked every 10 seconds.